 Dungeon Crawl Stone Soup version 0.26-a0-612-gd4d190f45e (webtiles) character file.

Game seed: 8703869117197020223

52 Descartes the Covert (level 3, 0/17 HPs)
             Began as a Felid Delver on Sept 8, 2020.
             Succumbed to an adder's poison
             ... on level 3 of the Dungeon.
             The game lasted 00:01:03 (120 turns).

Descartes the Covert (Felid Delver)                  Turns: 120, Time: 00:01:04

Health: 0/17       AC:  1    Str:  9    XL:     3   Next: 60%
Magic:  4/4        EV: 18    Int: 11    God:
Gold:   0          SH:  0    Dex: 17    Spells: 2/2 levels left
                                        Lives:  0   Deaths: 0

rFire    . . .     SeeInvis +     - Unarmed
rCold    . . .     Faith    .   (shield unavailable)
rNeg     . . .     Spirit   .   (armour unavailable)
rPois    .         Reflect  .   (helmet unavailable)
rElec    .         Harm     .   (cloak unavailable)
rCorr    .                      (gloves unavailable)
MR       .....                  (boots unavailable)
Stlth    ++++......             (no amulet)
HPRegen  0.05/turn              (no ring)
MPRegen  0.09/turn              (no ring)

@: lethally poisoned (0 -> -5), hasted, very quick
A: very small, no armour, no weapons or thrown items, stealth, claws 1, fangs 3,
see invisible, speed 1, shaggy fur 1, sharp paws
a: no special abilities


You were on level 3 of the Dungeon.
You visited 1 branch of the dungeon, and saw 3 of its levels.

Inventory:

Missiles
 f - 26 arrows
Wands
 e - a wand of digging (3)
Scrolls
 a - a scroll of fog
 b - a scroll of magic mapping
 c - a scroll of fear
 g - a scroll of remove curse {unknown}
 h - 2 scrolls of identify {unknown}


   Skills:
 - Level 3.0 Fighting
 - Level 2.6 Dodging
 + Level 8.4 Stealth
 - Level 2.0 Unarmed Combat


You had 2 spell levels left.
You didn't know any spells.
Your spell library was empty.

Dungeon Overview and Level Annotations

Branches:
Dungeon (5/15)
 Temple: D:4-7

Altars:


Innate Abilities, Weirdness & Mutations

You cannot wear armour.
You are incapable of wielding weapons or throwing items.
Your paws allow you to move quietly. (Stealth)
You have sharp claws.
You have razor-sharp teeth.
You have supernaturally acute eyesight. (SInv)
You cover ground quickly.
You are covered in fur. (AC +1)
Your sharp claws are effective at attacking unaware monsters.


Message History

You feel sick. The worm closely misses you. The adder bites you.
You are lethally poisoned!
The adder poisons you!
You feel sick. The adder completely misses you.
* * * LOW HITPOINT WARNING * * *
You feel sick.
You feel yourself speed up. The adder closely misses you. x2
* * * LOW HITPOINT WARNING * * *
You feel sick.
* * * LOW HITPOINT WARNING * * *
You feel sick.
* * * LOW HITPOINT WARNING * * *
You feel sick.
Found a twisted agate ring.
* * * LOW HITPOINT WARNING * * *
You feel sick.
You aren't carrying any potions.
Found a scroll labeled VUR WOAGEMUSEO.
You die...

#..... .....# #....#
##.#..# #.....# #..##.#
########..##.#########
###............##.....w.
......=@######S##.S.....
........##......S.......
........##........####..
........##........# #..
...?....##........# ###
........##........# #
........##......... ..
......!............. ...
.#..............


There were no monsters in sight!

Vanquished Creatures
  A scorpion (D:4)
  A rat (D:3)
2 creatures vanquished.

Notes
Turn   | Place    | Note
-------+----------+-------------------------------------------
     0 | D:5      | Descartes the Felid Delver began the quest for the Orb.
     0 | D:5      | Reached XP level 1. HP: 10/10 MP: 2/2
     5 | D:4      | Noticed a scorpion
     9 | D:4      | Killed a scorpion
     9 | D:4      | Reached skill level 8 in Stealth
     9 | D:4      | Reached XP level 2. HP: 14/14 MP: 3/3
     9 | D:4      | Reached XP level 3. HP: 17/17 MP: 4/4
   120 | D:3      | Succumbed to an adder's poison

Illustrated notes

Levels and vault maps discovered:
D:3:      layout_basic, chequers_ecumenical_altar_simple_redux
D:4:      minmay_wonky_spiral, layout_cave_pools, kennysheep_cluttered_room
D:5:      layout_gridville, overflow_temple_1_default, due_unseen_surprise

Skill      XL: |  1 |
---------------+----+-----
Stealth        | 8 |  8.4
Fighting       | |  3.0
Dodging        | |  2.6
Unarmed Combat | |  2.0

Action                   || total
-------------------------++-------
Melee: Unarmed           ||    10
       Bite              ||     1
  Use: Potion            ||     1
 Stab: Sleeping          ||     1
Dodge: Dodged            ||    12

Table legend: (Time is in decaauts)
 A = Elapsed time spent in this place.
 B = Non-inter-level travel time spent in this place.
 C = Inter-level travel time spent in this place.
 D = Time resting spent in this place.
 E = Time spent auto-exploring this place.
 F = Levels seen in this place.
 G = Mean time per level.
                   A        B        C        D        E       F      G
               +--------+--------+--------+--------+--------+-----+--------+
         Total |     94 |     94 |      0 |      0 |      0 |   3 |   31.3 |
       Dungeon |     94 |     94 |      0 |      0 |      0 |   3 |   31.3 |
               +--------+--------+--------+--------+--------+-----+--------+

Top non-repeatable levels by time:
     D:3: 71 daAuts
     D:4: 18 daAuts
     D:5: 4 daAuts
